cohdb
Replays
Latest Replays
All Replays
Popular Replays
Top Player Replays
Match Explorer
How It Works
Community
CoH3 Stats
Reddit
Sign in to upload your games and track your stats! →
Sign in with Steam
Match 37568915
Unlisted
Match 37568915
Overview
Messages
Build Orders
End
Construct Section Command Post
Royal Engineer Section
Infantry Section
Infantry Section
Construct Field Infirmary
Infantry Section
Construct Platoon Command Post
6-pounder Anti-tank Gun Team
Humber Armored Car
Selects Indian Artillery Battlegroup
Selects Valour
Selects Gurkha Rifles Section
Grenade Package
Infantry Training
Gurkha Rifles Section
Royal Engineer Section
Construct Company Command Post
Crusader II Medium Tank
Foot Guards Section
Selects Volunteer Infantry
Selects Artillery Saturation
Selects Off-map Airburst Barrage
Crusader II Medium Tank
Off-map Airburst Barrage
Unlock M3 Grant Medium Tanks
Selects Perimeter Monitor
Off-map Airburst Barrage
M3 Grant Medium Tank
6-pounder Anti-tank Gun Team
Off-map Airburst Barrage
M3 Grant Medium Tank
M3 Grant Medium Tank
DibbeTC
MrMagillicutty
0
0
Comments
sign in to comment!
No comments posted yet!